 Dungeon Crawl Stone Soup version 0.28.0 (webtiles) character file.

Game seed: 270538728723250627

2 spaghetti the Sneak (level 1, -15/21 HPs)
             Began as a Naga Delver on Feb 18, 2022.
             Demolished by Prince Ribbit (18 damage)
             ... on level 5 of the Dungeon.
             The game lasted 00:00:18 (164 turns).

spaghetti the Sneak (Naga Delver)                    Turns: 164, Time: 00:00:19

Health: -15/21     AC:  1    Str: 14    XL:     1   Next: 40%
Magic:  1/1        EV:  9    Int: 10    God:
Gold:   15         SH:  0    Dex: 12    Spells: 0/0 levels left

rFire   . . .      SeeInvis +   a - +0 mace
rCold   . . .      Faith    .   (no shield)
rNeg    . . .      Spirit   .   b - +0 leather armour
rPois   +          Reflect  .   (no helmet)
rElec   .          Harm     .   (no cloak)
rCorr   .          Rampage  .   (no gloves)
Will    .....                   (no barding)
Stlth   +++.......              (no amulet)
HPRegen 0.07/turn               (no ring)
MPRegen 0.07/turn               (no ring)

@: short of breath, very slow
A: AC +0, large, see invisible, deformed body, poison resistance, slowness 2,
spit poison 1, naga tail 1
a: Spit Poison


You were on level 5 of the Dungeon.
You visited 1 branch of the dungeon, and saw 1 of its levels.

You collected 15 gold pieces.

Inventory:

Hand Weapons
 a - a +0 mace (weapon)
Armour
 b - a +0 leather armour (worn)
Magical Staves
 h - a staff of air
Wands
 g - a wand of digging (3)
Scrolls
 c - a scroll of fog
 d - a scroll of magic mapping
 e - a scroll of fear
Potions
 f - a potion of haste
 i - a potion of curing {unknown}


   Skills:
 + Level 3.0 Fighting
 + Level 2.0 Maces & Flails
 + Level 1.6 Dodging
 + Level 7.3 Stealth


You couldn't memorise any spells.
You didn't know any spells.
Your spell library contained the following spells:

 Spells                   Type           Power      Damage    Failure   Level
 Gell's Gravitas          Tloc           0%         N/A       82%         3
 Teleport Other           Tloc           0%         N/A       82%         3
 Dispersal                Tloc           0%         N/A       100%        6


Dungeon Overview and Level Annotations

Branches:
Dungeon (5/15)
 Temple: D:4-7

Altars:

Annotations:
D:5 Prince Ribbit


Innate Abilities, Weirdness & Mutations

Your serpentine skin is tough. (AC +0)
You have supernaturally acute eyesight. (SInv)
Armour fits poorly on your strangely shaped body.
Your system is resistant to poisons. (rPois)
You cover ground very slowly.
You can spit poison.
You have a snake-like lower body.


Message History

Key pressed, stopping explore.
No target in view!
No target in view!
No target in view!
No target in view!
No target in view!
No target in view!
No target in view!
No target in view!
No target in view!
No target in view!
There is an open door here.
You open the door.
There is an open door here.
You now have 15 gold pieces.
You open the door.
Prince Ribbit comes into view.
Prince Ribbit is nearby!
Okay, then.
Unknown command.
Aiming: Spit Poison (3% risk of failure)
Press: ? - help, Q - select action Shift-Dir - straight line, f - Prince Ribbit
Aim: Prince Ribbit (asleep, 100% to hit)
The splash of poison hits Prince Ribbit.
Prince Ribbit is lightly wounded.
Prince Ribbit gives a loud, deep croak!
Prince Ribbit blinks!
You close the door.
You start waiting.
You have got your breath back.
You open the door. Prince Ribbit hits you!!
Ouch! That really hurt!
* * * LOW HITPOINT WARNING * * *
Aiming: Spit Poison (3% risk of failure)
Press: ? - help, Q - select action Shift-Dir - straight line, f/p - Prince Ribbit
Aim: Prince Ribbit (lightly wounded, 28% to hit)
The splash of poison misses Prince Ribbit.
Prince Ribbit hits you!!
Ouch! That really hurt!
You die...

....[...# #....#
........# #....##
........# #.....#
####.....
#.....+.......+.....
.....#.......#.....
... #...##..#.....
###F###...##..#####.
#..@..........#...'.
##........##..##..#.
##........##..##..#.
#.................#.
#....###+###..#####.
##...# #..# #. #####
#...# #. ##..# #.
#..# #.


You could see Prince Ribbit.

Vanquished Creatures
  A dart slug (D:5)
1 creature vanquished.

Notes
Turn   | Place    | Note
-------+----------+-------------------------------------------
     0 | D:5      | spaghetti the Naga Delver began the quest for the Orb.
     0 | D:5      | Reached XP level 1. HP: 21/21 MP: 1/1
   155 | D:5      | Noticed Prince Ribbit
   164 | D:5      | Demolished by Prince Ribbit

Illustrated notes

Levels and vault maps discovered:
D:5:      layout_gridville, guppyfry_shop_venom, uniq_prince_ribbit1

Action                   || total
-------------------------++-------
Melee: Mace              ||     2
 Abil: Spit Poison       ||     2
 Stab: Sleeping          ||     1
